 Dungeon Crawl Stone Soup version 0.21.0-3-g78d12a8 (webtiles) character file.

4 tidbits the Magician (level 1, -2/9 HPs)
             Began as a Vine Stalker Wizard on Jan 10, 2018.
             Slain by a kobold
             ... wielding a +1 dagger of speed
              (3 damage)
             ... on level 1 of the Dungeon.
             The game lasted 00:01:31 (96 turns).

tidbits the Magician (Vine Stalker Wizard)            Turns: 96, Time: 00:01:32

Health: -2/9       AC:  2    Str:  9    XL:     1   Next: 60%
Magic:  0/5        EV: 12    Int: 18    God:
Gold:   20         SH:  0    Dex: 12    Spells: 5/6 levels left

rFire    . . .     SeeInvis .   (no weapon)
rCold    . . .     Gourm    .   (no shield)
rNeg     . . .     Faith    .   a - +0 robe
rPois    .         Spirit   +   b - +0 hat
rElec    .         Reflect  .   (no cloak)
rCorr    .         Harm     .   (no gloves)
MR       .....                  (no boots)
Stlth    ++........             (no amulet)
HPRegen  0.03/turn              (no ring)
MPRegen  0.09/turn              (no ring)

@: very slightly contaminated
A: fangs 2, magic shield, antimagic bite, no potion heal 3, rot immunity
a: no special abilities


You were on level 1 of the Dungeon.
You were not hungry.

You visited 1 branch of the dungeon, and saw 2 of its levels.

You collected 20 gold pieces.

Inventory:

Hand Weapons
 e - a +0 hunting sling
Missiles
 g - 10 stones (quivered)
Armour
 a - a +0 robe (worn)
 b - a +0 hat (worn)
Scrolls
 f - a scroll of noise {unknown}
Books
 c - a book of Minor Magic

   Spells                             Type                      Level
   a - Magic Dart                     Conjuration                  1
   b - Blink                          Translocation                2
   c - Call Imp                       Summoning                    2
   d - Slow                           Hexes                        2
   e - Conjure Flame                  Conjuration/Fire             3
   f - Mephitic Cloud                 Conjuration/Poison/Air       3
Comestibles
 d - 2 rations


   Skills:
 + Level 0.5 Fighting
 - Level 1.5 Dodging
 + Level 2.7 Stealth
 - Level 3.2 Spellcasting
 - Level 1.0 Conjurations
   Level 1.0 Summonings
   Level 1.0 Translocations


You had 5 spell levels left.
You knew the following spells:

 Your Spells              Type           Power        Failure   Level  Hunger
a - Magic Dart            Conj           #...         11%         1    None


Dungeon Overview and Level Annotations

Branches:
Dungeon (2/15)

Altars:


Innate Abilities, Weirdness & Mutations

You have extremely sharp teeth.
When hurt, damage is shared between your health and your magic reserves.
Your bite disrupts and absorbs the magic of your enemies.
Potions cannot restore your health.
You are immune to rotting.


Message History

There is a stone staircase leading down here.
You climb downwards. 2 goblins, a hobgoblin and a kobold come into view.
The kobold is wielding a dagger of speed.
The goblin shouts!
The kobold shouts!
There is a stone staircase leading up here.
Press: ? - help, v - describe, . - travel
Here: a kobold, wielding a dagger of speed The floor.
Unknown command.
Firing (i - inventory):
g - 16 stones (quivered)
Press: ? - help, Shift-Dir - straight line, f - kobold
Aim: a kobold, wielding a dagger of speed You shoot a stone.
The stone barely misses the kobold.
The kobold misses you. The goblin hits you but does no damage.
You climb upwards.
There is a stone staircase leading down here.
Firing (i - inventory):
g - 15 stones (quivered)
Press: ? - help, Shift-Dir - straight line, f - goblin
Aim: a goblin, wielding a club You shoot a stone.
The stone hits the kobold but does no damage.
The kobold hits you with a dagger of speed.
Firing (i - inventory):
g - 14 stones (quivered)
Press: ? - help, Shift-Dir - straight line, f/p - goblin
Aim: a goblin, wielding a club You shoot a stone.
The stone hits the kobold.
The kobold is severely wounded.
The kobold hits you with a dagger of speed.
The kobold closely misses you.
Firing (i - inventory):
g - 13 stones (quivered)
Press: ? - help, Shift-Dir - straight line, f/p - goblin
Aim: a goblin, wielding a club You shoot a stone.
The stone closely misses the kobold.
The stone hits the goblin.
The goblin is severely wounded.
The kobold hits you but does no damage.
Casting: Magic Dart
Confirm with . or Enter, or press ? or * to list all spells.
Aiming: Magic Dart
Press: ? - help, Shift-Dir - straight line, f/p - goblin
Aim: a goblin, wielding a club (severely wounded)
The magic dart hits the kobold.
The kobold is severely wounded.
The kobold barely misses you.
Casting: Magic Dart
Confirm with . or Enter, or press ? or * to list all spells.
Aiming: Magic Dart
Press: ? - help, Shift-Dir - straight line, f/p - goblin
Aim: a goblin, wielding a club (severely wounded)
You miscast Magic Dart.
You are very lightly contaminated with residual magic.
Nothing appears to happen.
The kobold barely misses you.
The kobold hits you with a dagger of speed.
Casting: Magic Dart
Confirm with . or Enter, or press ? or * to list all spells.
Aiming: Magic Dart
Press: ? - help, Shift-Dir - straight line, f/p - goblin
Aim: a goblin, wielding a club (severely wounded)
You miscast Magic Dart.
The air around you crackles with energy!
The kobold barely misses you.
Casting: Magic Dart
Confirm with . or Enter, or press ? or * to list all spells.
Aiming: Magic Dart
Press: ? - help, Shift-Dir - straight line, f/p - goblin
Aim: a goblin, wielding a club (severely wounded)
You miscast Magic Dart.
You are momentarily dazzled by a flash of light!
The kobold hits you with a dagger of speed.
* * * LOW HITPOINT WARNING * * *
Firing (i - inventory):
g - 12 stones (quivered)
Press: ? - help, Shift-Dir - straight line, f/p - goblin
Aim: a goblin, wielding a club (severely wounded)
You shoot a stone.
The stone hits the kobold but does no damage.
The kobold is heavily wounded.
The kobold misses you.
The kobold hits you with a dagger of speed.
* * * LOW HITPOINT WARNING * * *
Firing (i - inventory):
g - 11 stones (quivered)
Press: ? - help, Shift-Dir - straight line, f/p - goblin
Aim: a goblin, wielding a club (severely wounded)
You shoot a stone. The stone barely misses the kobold.
The stone hits the goblin.
You kill the goblin!
The kobold hits you but does no damage.
Wield which item (- for none, * to show all)? (? for menu, Esc to quit)
You are now empty-handed.
The kobold hits you but does no damage.
You barely miss the kobold.
The kobold is moderately wounded.
The kobold barely misses you.
You hit the kobold but do no damage. Your bite misses the kobold.
The kobold is moderately wounded.
The kobold hits you with a dagger of speed.
* * * LOW HITPOINT WARNING * * *
You hit the kobold but do no damage.
The kobold is moderately wounded.
The kobold hits you with a dagger of speed.
You die...

######### #.......#
#.......######
#............# .
##.......^....######....
#............>)K@.......
#.............#######...
#(............#####.
#..................#
#............(.....#
#####......)...(...#
#####..........#####
#................#
#................#


You could see a kobold.

Vanquished Creatures
  A leopard gecko (D:1)
  A goblin (D:1)
  A frilled lizard (D:1)
3 creatures vanquished.

Notes
Turn   | Place    | Note
-------+----------+-------------------------------------------
     0 | D:1      | tidbits the Vine Stalker Wizard began the quest for the Orb.
     0 | D:1      | Reached XP level 1. HP: 9/9 MP: 5/5
    96 | D:1      | Slain by a kobold

Action                   || total
-------------------------++-------
Melee: Unarmed           ||     3
 Fire: Hunting sling     ||     9
 Cast: Magic Dart        ||     1
Armor: Robe              ||     3
Dodge: Dodged            ||     7

Table legend:
 A = Turns spent in this place as a percentage of turns spent in the entire game.
 B = Non-inter-level travel turns spent in this place as a percentage of non-inter-level travel turns spent in the entire game.
 C = Inter-level travel turns spent in this place as a percentage of turns spent in this place.
 D = Turns resting spent in this place as a percentage of non-inter-level travel turns spent in this place.
 E = Turns spent auto-exploring this place as a percentage of non-inter-level travel turns spent in this place.
 F = Non-inter-level travel turns spent in this place divided by the number of levels of this place that you've seen.
                   A       B       C       D       E      F
               +-------+-------+-------+-------+-------+----------------------
         Total | 100.0 | 100.0 |   0.0 |   0.0 |   0.0 |  48.0
       Dungeon | 100.0 | 100.0 |   0.0 |   0.0 |   0.0 |  48.0
               +-------+-------+-------+-------+-------+----------------------

Table legend:
 A = Kills in this place as a percentage of kills in entire the game.
 B = Kills by you in this place as a percentage of kills by you in the entire game.
 C = Kills by friends in this place as a percentage of kills by friends in the entire game.
 D = Other kills in this place as a percentage of other kills in the entire game.
 E = Experience gained in this place as a percentage of experience gained in the entire game.
 F = Experience gained in this place divided by the number of levels of this place that you have seen.
                   A       B       C       D       E      F
               +-------+-------+-------+-------+-------+----------------------
         Total | 100.0 | 100.0 |   N/A |   N/A | 100.0 |   3.0
       Dungeon | 100.0 | 100.0 |   N/A |   N/A | 100.0 |   3.0
               +-------+-------+-------+-------+-------+----------------------

Vault maps used:
D:1:      lemuel_arrival_rhombus
D:2:      uniq_terence, uniq_natasha
